 Dungeon Crawl Stone Soup version 0.31.0-32-g396128a36d (webtiles) character file.

Game seed: 12663970657963282055

117199 toastdancer the Thaumaturge (level 16, -11/126 HPs)
             Began as a Gnoll Hedge Wizard on Apr 1, 2024.
             Was the Champion of the Shining One.
             Killed from afar by a salamander mystic (40 damage)
             ... with a bolt of magma
             ... on level 2 of the Snake Pit on Apr 7, 2024.
             The game lasted 03:04:53 (42065 turns).

toastdancer the Thaumaturge (Gnoll Hedge Wizard)   Turns: 42065, Time: 03:04:53

Health: -11/126    AC: 18    Str:  8    XL:     16   Next: 73%
Magic:  10/33      EV: 28    Int: 30    God:    the Shining One [******]
Gold:   391        SH: 12    Dex: 14    Spells: 5/41 levels left

rFire   . . .        u - staff of air
rCold   + + +        k - +0 kite shield {AC+3}
rNeg    + + +        W - +3 ring mail {rPois}
rPois   +            c - +2 hat
rElec   +            (no cloak)
rCorr   +            w - +0 pair of gloves
SInv    +            o - +0 pair of boots
Will    +....        D - amulet "Orhoq" {Acrobat rC+++ Str-2 Int+6}
Stlth   ++           L - ring of the Crushed Moons {Fly Int+3 Dex+2 SInv}
HPRegen 0.41/turn    E - ring of resist corrosion
MPRegen 0.23/turn

%: acrobat
@: weakened, acrobatic, flying, glowing
A: fangs 1, strong nose, distributed training
a: Renounce Religion, Divine Shield, Cleansing Flame, Summon Divine Warrior,
Brand Weapon With Holy Wrath


You were on level 2 of the Snake Pit.
You worshipped the Shining One.
The Shining One was exalted by your worship.
You visited 4 branches of the dungeon, and saw 24 of its levels.

You collected 2341 gold pieces.
You spent 1950 gold pieces at shops.

Inventory:

Hand Weapons
 a - the +12 long sword "Suhamm" {flame, *Noise +Blink Int+3}
   (You bought it in a shop on level 6 of the Dungeon)

   Int+3:     It affects your intelligence (+3).
   +Blink:    It lets you blink.
   *Noise:    It may make a loud noise when swung.
 b - a +2 trident of venom
Missiles
 j - 2 throwing nets
Armour
 c - a +2 hat (worn)
 k - a +0 kite shield of protection (worn)
 o - a +0 pair of boots (worn)
 w - a +0 pair of gloves (worn)
 x - a +1 leather armour of fire resistance
 Q - a +2 ring mail of willpower
 W - a +3 ring mail of poison resistance (worn)
Magical Staves
 u - a staff of air (weapon)
Jewellery
 f - a ring of protection from cold
 y - a ring of poison resistance
 D - the amulet "Orhoq" (around neck) {Acrobat rC+++ Str-2 Int+6}
   (You found it on level 9 of the Dungeon)

   [amulet of the acrobat]

   Acrobat:   It increases your evasion while moving and waiting.
   Str-2:     It affects your strength (-2).
   Int+6:     It affects your intelligence (+6).
   rC+++:     It renders you almost immune to cold.
 E - a ring of resist corrosion (right hand)
 K - a ring of willpower
 L - the ring of the Crushed Moons (left hand) {Fly Int+3 Dex+2 SInv}
   (You took it off an orc on level 10 of the Dungeon)

   [ring of flight]

   Int+3:     It affects your intelligence (+3).
   Dex+2:     It affects your dexterity (+2).
   SInv:      It lets you see invisible.
   Fly:       It grants you flight.
 U - a ring of fire
 X - a ring of magical power
Wands
 A - a wand of roots (1)
 B - a wand of paralysis (1)
 G - a wand of digging (7)
 J - a wand of flame (13)
Scrolls
 e - 6 scrolls of teleportation
 g - 5 scrolls of enchant armour
 l - 3 scrolls of poison
 m - 2 scrolls of fear
 n - 5 scrolls of amnesia
 q - 4 scrolls of revelation
 s - 4 scrolls of vulnerability
 t - 7 scrolls of fog
 v - 2 scrolls of butterflies
 H - 4 scrolls of immolation
 O - 2 scrolls of enchant weapon
 P - a scroll of silence {unknown}
 R - 3 scrolls of blinking
 T - a scroll of torment {unknown}
Potions
 d - 3 potions of magic
 h - 5 potions of curing
 i - 6 potions of mutation
 p - 6 potions of heal wounds
 r - a potion of attraction
 z - 6 potions of lignification
 C - a potion of resistance
 F - 4 potions of haste
 I - 5 potions of enlightenment
 M - 2 potions of might
 N - 3 potions of ambrosia
 S - 2 potions of invisibility
 Y - a potion of brilliance
 Z - a potion of berserk rage
Miscellaneous
 V - a lightning rod (4/4)


   Skills:
 + Level 11.5 Fighting
 + Level 11.5 Short Blades
 + Level 11.5 Long Blades
 + Level 11.5 Axes
 + Level 11.5 Maces & Flails
 + Level 11.5 Polearms
 + Level 11.5 Staves
 + Level 11.5 Ranged Weapons
 + Level 11.5 Throwing
 + Level 11.5 Armour
 + Level 12.3 Dodging
 + Level 12.2 Stealth
 + Level 11.5 Shields
 + Level 11.5 Unarmed Combat
 + Level 13.4 Spellcasting
 + Level 10.0 Conjurations
 + Level 9.7 Hexes
 + Level 10.0 Summonings
 + Level 9.7 Necromancy
 + Level 10.0 Translocations
 + Level 9.7 Fire Magic
 + Level 9.7 Ice Magic
 + Level 9.7 Air Magic
 + Level 9.7 Earth Magic
 + Level 9.7 Alchemy
 + Level 12.5 Invocations
 + Level 11.5 Evocations
 + Level 10.6 Shapeshifting


You had 5 spell levels left.
You knew the following spells:

 Your Spells              Type           Power      Damage    Failure   Level
a - Magic Dart            Conj           100%       1d8       1%          1
b - Summon Ice Beast      Ice/Summ       68%        N/A       1%          3
c - Mephitic Cloud        Conj/Alch/Air  87%        N/A       1%          3
d - Fireball              Conj/Fire      34%        3d14      9%          5
f - Airstrike             Air            43%        2d(7-23)  3%          4
g - Blink                 Tloc           100%       N/A       1%          2
h - Olgreb's Toxic Radia  Alch           68%        N/A       3%          4
k - Vhi's Electric Charg  Tloc/Air       100%       N/A       3%          4
l - Plasma Beam           Fire/Air       43%        2x1d57    45%         6
s - Manifold Assault      Tloc           69%        N/A       3%          4

Your spell library contained the following spells:

 Spells                   Type           Power      Damage    Failure   Level
 Apportation              Tloc           100%       N/A       1%          1
 Freeze                   Ice            100%       1d10      1%          1
 Necrotise                Necr           100%       1d9       1%          1
 Shock                    Conj/Air       100%       1d9       1%          1
 Slow                     Hex            100%       N/A       1%          1
 Sting                    Conj/Alch      100%       1d9       1%          1
 Summon Small Mammal      Summ           100%       N/A       1%          1
 Call Imp                 Summ           100%       N/A       1%          2
 Cigotuvi's Dreadful Rot  Necr/Alch/Air  100%       N/A       1%          2
 Mercury Vapours          Alch/Air       100%       N/A       1%          2
 Sublimation of Blood     Necr           68%        N/A       1%          2
 Call Canine Familiar     Summ           69%        N/A       1%          3
 Frozen Ramparts          Ice            100%       1d16      1%          3
 Fugue of the Fallen      Necr           68%        N/A       1%          3
 Hailstorm                Conj/Ice       68%        3d12      1%          3
 Ozocubu's Armour         Ice            68%        N/A       1%          3
 Sigil of Binding         Hex            68%        N/A       1%          3
 Swiftness                Air            87%        N/A       1%          3
 Cause Fear               Hex            34%        N/A       3%          4
 Dimensional Bullseye     Hex/Tloc       34%        N/A       3%          4
 Passage of Golubria      Tloc           69%        N/A       3%          4
 Arcjolt                  Conj/Air       43%        1d53      9%          5
 Silence                  Hex/Air        43%        N/A       9%          5
 Sculpt Simulacrum        Ice/Alch       34%        N/A       45%         6
 Summon Hydra             Summ           34%        N/A       94%         7
 Lehudib's Crystal Spear  Conj/Erth      34%        10d9      100%        8
 Dragon's Call            Summ           34%        N/A       100%        9


Dungeon Overview and Level Annotations

Branches:
Dungeon (15/15)            Temple (0/1) D:7            Lair (5/5) D:10
 Shoals (0/4) Lair:2        Snake (2/4) Lair:3        Slime (0/5) Lair:4
    Orc (2/2) D:11            Elf (0/3) Orc:2        Vaults (0/5) D:13
 Depths (0/4) D:15

Altars:
Elyvilon
Makhleb
Qazlal
Trog
Uskayaw
Yredelemnul
Zin
The Shining One
Jiyva

Shops:
D:6 *(:(   D:8 :(*[=   D:10 *   D:13 [   Orc:1 *   Orc:2 [*(:   Snake:1 (*(

Annotations:
D:2 1 runed translucent door, Crazy Yiuf
D:5 Menkaure
D:7 1 runed translucent door, Silvore's ghost, novice MiFi
D:10 2 transporters, 601d51SH's ghost, journeyman GnFi
Lair:3 Urug
Lair:4 4 transporters, Odimp's ghost, journeyman KoWn
Lair:5 exclusion: obsidian statue
Snake:2 Aizul


Innate Abilities, Weirdness & Mutations

You have very sharp teeth.
Your uncanny sense of smell can sniff out nearby items.
Your experience applies equally to all skills.


Message History

The salamander tyrant gazes fiercely through you!
You feel as though you will be weak longer.
The salamander tyrant hits you but does no damage.
You hit the salamander tyrant but do no damage.
You bite the salamander tyrant, but do no damage.
The salamander tyrant is severely wounded.
The shock serpent looks even sicker.
The salamander tyrant looks as sick as possible!
Your toxic aura wanes.
The salamander tyrant hits you but does no damage.
You hit the salamander tyrant but do no damage.
The salamander tyrant is severely wounded.
The salamander tyrant gazes fiercely through you!
You feel as though you will be weak longer.
The salamander tyrant hits you.
You are engulfed in flames!!
* * * LOW HITPOINT WARNING * * *
Unknown command.
You kill the shock serpent!
The salamander tyrant hits you but does no damage.
The salamander tyrant barely misses you.
Casting: Olgreb's Toxic Radiance (mildly dangerous; 3% risk of failure)
Confirm with . or Enter, or press ? or * to list all spells.
You begin to radiate toxic energy.
The salamander mystic looks as sick as possible!
You block the salamander tyrant's attack.
Unknown command.
The salamander mystic looks as sick as possible!
The salamander looks as sick as possible! x2
You kill the salamander tyrant!
Your Conjurations skill increases to level 10!
Your Summonings skill increases to level 10!
Your Translocations skill increases to level 10!
The salamander mystic looks as sick as possible!
The salamander looks as sick as possible!
Your toxic aura wanes.
You kill the salamander!
You kill the salamander!
The salamander mystic gestures at you while chanting.
The bolt of magma hits you!!!
You die...

#.......#.##.##..########..##
####.####.......## ##.##
####)####........## #...
##<....##..........# #####)..
##......[...........# #.......
#...................# #.###...
#...................###..# #...
#.......................# #.>.
#........[....@..N.#########...
#.........รท............).......
#..................)########...
##..................# #...
##.....##..........# ####
########..........# ##........##
##......## ########


You could see a salamander mystic (extremely poisoned).

Vanquished Creatures
  Gastronok (Lair:2)
  3 orc warlords
  A salamander tyrant (Snake:2)
  3 hydras
  A boulder beetle (D:14)
  2 centaur warriors
  2 ogre magi (Orc:1)
  A catoblepas (D:15)
  3 anacondas (Snake:1)
  3 tengu warriors
  A two-headed ogre (D:13)
  2 naga warriors (Snake:1)
  A sphinx skeleton (D:15)
  A vampire mage (D:15)
  5 naga sharpshooters
  2 orc high priests (Orc:2)
  3 shock serpents
  A sun demon (D:12)
  A storm dragon zombie (D:15)
  Nergalle (D:10)
  A skyshark (Lair:2)
  A spectral death yak (Lair:5)
  A spectral anaconda (Lair:5)
  A fire crab (Lair:5)
  8 skeletal warriors
  2 sea snakes (Snake:1)
  5 mana vipers (Snake:1)
  2 naga ritualists
  2 anaconda skeletons (Snake:1)
  5 necromancers
  4 deep elf pyromancers
  5 orc knights
  8 ugly things
  A manticore (D:11)
  3 salamanders (Snake:2)
  7 orc sorcerers
  11 elephants
  A naga mage (Snake:1)
  2 kobold blastminers
  A merfolk siren (Lair:2)
  10 black mambas
  4 meliai
  2 guardian serpents (Snake:2)
  A spectral sea snake (Snake:1)
  3 cane toads
  Jeremiah (D:7)
  A freezing wraith (D:15)
  A dire elephant skeleton (Lair:5)
  3 komodo dragons
  2 unseen horrors (D:13)
  3 yaktaurs (D:15)
  3 rime drakes
  Psyche (D:12)
  4 spectral nagas (Snake:1)
  A tengu conjurer (D:13)
  6 trolls
  An ice devil (D:12)
  An anaconda simulacrum (Snake:1)
  A polar bear (Lair:5)
  2 polar bears (shapeshifter)
  A spectral guardian serpent (Snake:1)
  A spectral elephant (Lair:5)
  4 hornets
  6 blink frogs
  A culicivora (shapeshifter) (D:14)
  A guardian serpent skeleton (Snake:1)
  13 slime creatures
  2 vampires
  3 wraiths
  A wyvern (D:10)
  A shadow (D:12)
  A dire elephant simulacrum (Lair:5)
  14 yaks
  5 basilisks
  2 steam dragons
  3 wargs (Orc:1)
  A sea snake simulacrum (Snake:1)
  13 vampire mosquitoes
  2 death yak simulacra (Lair:5)
  17 nagas
  An acid dragon (D:13)
  A spectral cane toad (Lair:5)
  31 orc warriors
  4 water moccasins
  4 naga skeletons (Snake:1)
  A sky beast (D:8)
  2 guardian serpent simulacra (Snake:1)
  4 ice beasts
  A black bear (shapeshifter) (D:13)
  3 black bears
  3 elephant zombies (Lair:5)
  7 ogres
  7 wolves
  3 centaurs
  An elephant skeleton (Lair:5)
  2 phantoms
  A kobold brigand (D:8)
  3 scorpions
  12 bullfrogs
  2 cane toad simulacra (Lair:5)
  4 killer bees (D:8)
  2 elephant simulacra (Lair:5)
  3 howler monkeys
  4 crimson imps (D:12)
  A hound (D:4)
  A bombardier beetle (D:5)
  2 jellies
  23 orc priests
  A sleepcap (D:5)
  Jessica (D:2)
  Ijyb (D:3)
  Natasha (thrice) (D:3)
  2 iguanas
  25 orc wizards
  An adder (D:5)
  5 gnolls
  A shadow imp (D:6)
  4 white imps (D:12)
  2 ufetubi (D:6)
  5 dart slugs
  A ribbon worm (D:3)
  121 orcs
  4 ball pythons
  5 bats
  8 endoplasms
  2 giant cockroaches
  3 goblins
  7 hobgoblins
  15 jackals
  3 quokkas
  9 frilled lizards
  13 kobolds
  5 rats
632 creatures vanquished.

Vanquished Creatures (collateral kills)
  A dire elephant (Lair:5)
  2 anacondas (Snake:1)
  An ogre mage (Orc:1)
  3 two-headed ogres
  A boulder beetle (D:14)
  A tengu warrior (D:14)
  An orc high priest (Orc:2)
  A shock serpent (Snake:1)
  Amaemon (Lair:3)
  An anaconda skeleton (Snake:1)
  2 orc knights
  4 orc sorcerers
  A salamander (Snake:1)
  A cyclops (D:6)
  2 meliai (D:13)
  6 elephants
  4 black mambas (Snake:1)
  A kobold blastminer (Orc:2)
  An orange demon (Lair:3)
  6 cane toads
  A rime drake (Lair:5)
  A komodo dragon (Lair:4)
  A troll (Orc:1)
  2 polar bears
  3 blink frogs (Lair:5)
  2 slime creatures (D:13)
  12 yaks
  2 basilisks
  A steam dragon (D:8)
  2 vampire mosquitoes
  6 nagas
  10 water moccasins
  An acid dragon (D:9)
  8 orc warriors
  A black bear (D:6)
  2 ice beasts
  7 wolves
  2 ogres (Orc:2)
  A centaur (D:7)
  4 bullfrogs
  A gnoll sergeant (D:9)
  2 scorpions
  3 killer bees
  An electric eel (D:6)
  A bombardier beetle (D:6)
  A jelly (D:6)
  14 orc priests
  A sleepcap (D:6)
  9 orc wizards
  2 gnolls (D:9)
  An adder (D:6)
  A ribbon worm (D:5)
  25 orcs
  A jackal (D:5)
  A butterfly (Lair:2)
174 creatures vanquished.

Vanquished Creatures (others)
  A naga sharpshooter (Snake:1)
  A yaktaur (D:15)
  A spectral elephant (Lair:5)
  An orc warrior (D:8)
4 creatures vanquished.

Grand Total: 810 creatures vanquished

Notes
Turn   | Place    | Note
-------+----------+-------------------------------------------
     0 | D:1      | toastdancer the Gnoll Hedge Wizard began the quest for the
                  | Orb.
     0 | D:1      | Reached XP level 1. HP: 13/13 MP: 8/8
   232 | D:1      | Reached XP level 2. HP: 19/19 MP: 8/10
   625 | D:1      | Reached XP level 3. HP: 24/25 MP: 5/11
   696 | D:1      | Learned a level 2 spell: Blink
   700 | D:1      | Learned a level 3 spell: Mephitic Cloud
   704 | D:1      | Learned a level 3 spell: Summon Ice Beast
   886 | D:1      | Reached skill level 1 in Invocations
  1328 | D:2      | Reached skill level 1 in Fighting
  1328 | D:2      | Reached skill level 1 in Short Blades
  1328 | D:2      | Reached skill level 1 in Long Blades
  1328 | D:2      | Reached skill level 1 in Axes
  1328 | D:2      | Reached skill level 1 in Maces & Flails
  1328 | D:2      | Reached skill level 1 in Polearms
  1328 | D:2      | Reached skill level 1 in Staves
  1328 | D:2      | Reached skill level 1 in Ranged Weapons
  1328 | D:2      | Reached skill level 1 in Throwing
  1328 | D:2      | Reached skill level 1 in Armour
  1328 | D:2      | Reached skill level 1 in Shields
  1328 | D:2      | Reached skill level 1 in Unarmed Combat
  1328 | D:2      | Reached skill level 1 in Evocations
  1637 | D:2      | Reached skill level 1 in Shapeshifting
  1637 | D:2      | Reached XP level 4. HP: 32/32 MP: 11/13
  1652 | D:2      | Noticed Jessica
  1661 | D:2      | Killed Jessica
  1662 | D:2      | Reached skill level 1 in Hexes
  1662 | D:2      | Reached skill level 1 in Necromancy
  1662 | D:2      | Reached skill level 1 in Fire Magic
  1662 | D:2      | Reached skill level 1 in Ice Magic
  1662 | D:2      | Reached skill level 1 in Air Magic
  1662 | D:2      | Reached skill level 1 in Earth Magic
  1662 | D:2      | Reached skill level 1 in Alchemy
  2399 | D:2      | Found a runed translucent door.
  2400 | D:2      | Noticed Crazy Yiuf
  2465 | D:3      | Noticed Natasha
  2473 | D:3      | Killed Natasha
  2474 | D:3      | Reached XP level 5. HP: 32/37 MP: 9/14
  2691 | D:3      | Noticed Ijyb
  3085 | D:3      | Noticed Natasha
  3139 | D:3      | Killed Natasha
  3348 | D:3      | Noticed Natasha
  3361 | D:3      | Killed Natasha
  3390 | D:3      | Killed Ijyb
  3391 | D:3      | Reached XP level 6. HP: 44/44 MP: 10/16
  3600 | D:4      | Found a bloodstained altar of Trog.
  3665 | D:4      | Reached skill level 5 in Dodging
  3803 | D:4      | Noticed a black bear
  3838 | D:4      | Killed a black bear
  4128 | D:4      | Reached XP level 7. HP: 49/50 MP: 14/18
  4618 | D:4      | Reached skill level 5 in Stealth
  5148 | D:5      | Entered Level 5 of the Dungeon
  5376 | D:5      | Noticed Menkaure
  5563 | D:5      | Found a glowing golden altar of the Shining One.
  5622 | D:5      | Became a worshipper of the Shining One
  5891 | D:5      | Reached XP level 8. HP: 50/58 MP: 11/19
  6240 | D:6      | Found Jigar's Antique Weapon Shoppe.
  6360 | D:6      | Found Woeruj's Book Emporium.
  6368 | D:6      | Reached skill level 8 in Spellcasting
  6754 | D:6      | Found Aste's Antique Weapon Boutique.
  6987 | D:6      | Found Wurec's General Store.
  6990 | D:6      | Bought a potion of heal wounds for 55 gold pieces
  7149 | D:6      | Noticed a cyclops
  7149 | D:6      | Reached * piety under the Shining One
  7153 | D:6      | Reached XP level 9. HP: 65/65 MP: 11/21
  7312 | D:6      | Killed a cyclops
  7578 | D:7      | Found a staircase to the Ecumenical Temple.
  7749 | D:7      | Learned a level 4 spell: Manifold Assault
  7827 | D:7      | Found a runed translucent door.
  7827 | D:7      | Noticed a meliai
  7828 | D:7      | Noticed Silvore's ghost (novice MiFi)
  7929 | D:7      | Reached skill level 5 in Invocations
  8007 | D:7      | Noticed Jeremiah
  8106 | D:7      | Killed Jeremiah
  8769 | D:8      | Reached skill level 5 in Fighting
  8769 | D:8      | Reached skill level 5 in Short Blades
  8769 | D:8      | Reached skill level 5 in Long Blades
  8769 | D:8      | Reached skill level 5 in Axes
  8769 | D:8      | Reached skill level 5 in Maces & Flails
  8769 | D:8      | Reached skill level 5 in Polearms
  8769 | D:8      | Reached skill level 5 in Staves
  8769 | D:8      | Reached skill level 5 in Ranged Weapons
  8769 | D:8      | Reached skill level 5 in Throwing
  8769 | D:8      | Reached skill level 5 in Armour
  8769 | D:8      | Reached skill level 5 in Shields
  8769 | D:8      | Reached skill level 5 in Unarmed Combat
  8769 | D:8      | Reached skill level 5 in Evocations
  8769 | D:8      | Reached XP level 10. HP: 69/74 MP: 14/22
  8774 | D:8      | Found a hide-covered altar of Uskayaw.
  8892 | D:8      | Found Efaloo's Weapon Emporium.
  9009 | D:8      | Found Keeruypp's Book Shoppe.
  9082 | D:8      | Found Fopsuji's Jewellery Emporium.
  9086 | D:8      | Found Qoin's General Store.
  9221 | D:8      | Found Ziboep's Armour Boutique.
  9337 | D:8      | Reached skill level 9 in Spellcasting
  9519 | D:8      | Reached skill level 5 in Conjurations
  9519 | D:8      | Reached skill level 5 in Summonings
  9519 | D:8      | Reached skill level 5 in Translocations
  9632 | D:9      | Reached skill level 5 in Shapeshifting
  9678 | D:9      | Identified the amulet "Orhoq" {Acrobat rC+++ Str-2 Int+6}
  9874 | D:9      | Learned a level 5 spell: Fireball
 10032 | D:9      | Reached ** piety under the Shining One
 10475 | D:9      | Found a burning altar of Makhleb.
 10676 | D:10     | Entered Level 10 of the Dungeon
 10920 | D:10     | Identified the ring of the Crushed Moons {Fly Int+3 Dex+2
                  | SInv}
 11145 | D:10     | Noticed Nergalle
 11195 | D:10     | Found Urumin's Mass Market.
 11199 | D:10     | Killed Nergalle
 11200 | D:10     | Reached skill level 5 in Hexes
 11200 | D:10     | Reached skill level 5 in Necromancy
 11200 | D:10     | Reached skill level 5 in Fire Magic
 11200 | D:10     | Reached skill level 5 in Ice Magic
 11200 | D:10     | Reached skill level 5 in Air Magic
 11200 | D:10     | Reached skill level 5 in Earth Magic
 11200 | D:10     | Reached skill level 5 in Alchemy
 11270 | D:10     | Reached XP level 11. HP: 81/81 MP: 22/24
 11431 | D:10     | Found a transporter.
 11433 | D:10     | Noticed 601d51SH's ghost (journeyman GnFi)
 11433 | D:10     | Identified the +6 great mace "Heebi" {holy, rElec}
 11433 | D:10     | Noticed a two-headed ogre
 11434 | D:10     | Noticed a two-headed ogre
 11435 | D:10     | Noticed a two-headed ogre
 11437 | D:10     | Noticed a two-headed ogre
 11443 | D:10     | Found a transporter.
 11567 | D:10     | Found a staircase to the Lair.
 12052 | D:10     | Found a basalt altar of Yredelemnul.
 12052 | D:10     | Found a glowing silver altar of Zin.
 12344 | D:11     | Noticed a manticore
 12356 | D:11     | Killed a manticore
 12474 | D:11     | Noticed a cyan ugly thing
 12488 | D:11     | Noticed a purple ugly thing
 12491 | D:11     | Killed a cyan ugly thing
 12502 | D:11     | Killed a purple ugly thing
 12805 | D:11     | Identified the +2 leather armour of Marbles {Int+4}
 13124 | D:10     | Reached *** piety under the Shining One
 13358 | Lair:1   | Entered Level 1 of the Lair of Beasts
 13893 | Lair:1   | Reached skill level 10 in Spellcasting
 14072 | Lair:1   | Reached XP level 12. HP: 59/91 MP: 16/26
 15587 | Lair:2   | Found a staircase to the Shoals.
 15964 | Lair:2   | Noticed a skyshark
 15983 | Lair:2   | Killed a skyshark
 16660 | Lair:3   | Noticed Gastronok
 16814 | Lair:3   | You are sucked into a shaft and drop 1 floor!
 16981 | Lair:4   | Found a transporter.
 17004 | Lair:3   | Noticed Amaemon
 17017 | Lair:3   | Found a staircase to the Snake Pit.
 17222 | Lair:3   | HP: 3/92 [something (6)]
 18808 | Lair:3   | Killed Amaemon
 19194 | Lair:3   | Noticed Urug
 19445 | Lair:4   | Reached XP level 13. HP: 71/98 MP: 22/27
 19529 | Lair:4   | Found a staircase to the Slime Pits.
 19529 | Lair:4   | Found a viscous altar of Jiyva.
 19545 | Lair:4   | Reached **** piety under the Shining One
 19554 | Lair:4   | Noticed Odimp's ghost (journeyman KoWn)
 19556 | Lair:4   | Found a transporter.
 19715 | Lair:4   | Found a transporter.
 19720 | Lair:4   | Found a transporter.
 20218 | Lair:4   | Reached skill level 11 in Spellcasting
 20415 | Lair:5   | Entered Level 5 of the Lair of Beasts
 20507 | Lair:5   | Found a stormy altar of Qazlal.
 21369 | Lair:5   | Noticed a dire elephant
 21922 | Lair:5   | Reached skill level 10 in Dodging
 22636 | Lair:5   | Reached ***** piety under the Shining One
 23102 | Lair:5   | Reached skill level 10 in Stealth
 23773 | Lair:5   | Killed a dire elephant
 24132 | Lair:5   | Reached skill level 10 in Invocations
 24132 | Lair:5   | Reached XP level 14. HP: 78/107 MP: 26/29
 24675 | D:11     | Found a staircase to the Orcish Mines.
 24826 | Orc:1    | Entered Level 1 of the Orcish Mines
 25197 | Orc:2    | Entered Level 2 of the Orcish Mines
 25275 | Orc:2    | Noticed an orc warlord
 25570 | Orc:1    | Killed an orc warlord
 25758 | Orc:2    | Found a staircase to the Elven Halls.
 25878 | Orc:2    | Noticed an orc warlord
 26336 | D:11     | Killed an orc warlord
 26732 | D:6      | Bought a transparent long sword for 204 gold pieces
 26732 | D:6      | Identified the +12 long sword "Suhamm" {flame, *Noise
                  | +Blink Int+3} (You bought it in a shop on level 6 of the
                  | Dungeon)
 26732 | D:6      | Bought a jewelled hand cannon for 204 gold pieces
 26732 | D:6      | Identified the +6 hand cannon of Liozoiv {antimagic, Will++
                  | rCorr Stlth+} (You bought it in a shop on level 6 of the
                  | Dungeon)
 26791 | D:8      | Bought a +0 buckler for 45 gold pieces
 27014 | D:6      | Bought a scroll of enchant armour for 82 gold pieces
 27014 | D:6      | Bought a scroll of fog for 44 gold pieces
 27014 | D:6      | Bought a scroll of revelation for 82 gold pieces
 27014 | D:6      | Bought a scroll of identify for 22 gold pieces
 27058 | D:6      | Bought a book of Air for 264 gold pieces
 27063 | D:6      | Learned a level 4 spell: Airstrike
 27711 | Orc:2    | Noticed an orc warlord
 28038 | Orc:1    | Killed an orc warlord
 28039 | Orc:1    | Reached skill level 12 in Spellcasting
 29033 | Orc:2    | Paralysed by an orc sorcerer for 2 turns
 29041 | Orc:2    | Reached ****** piety under the Shining One
 29532 | Orc:1    | Found Fuegoschi's Specific Store.
 29568 | Orc:1    | Found Foupseiwnao's General Store.
 29581 | Orc:1    | Bought a scroll of identify for 30 gold pieces
 30124 | Orc:2    | Reached skill level 10 in Fighting
 30124 | Orc:2    | Reached skill level 10 in Short Blades
 30124 | Orc:2    | Reached skill level 10 in Long Blades
 30124 | Orc:2    | Reached skill level 10 in Axes
 30124 | Orc:2    | Reached skill level 10 in Maces & Flails
 30124 | Orc:2    | Reached skill level 10 in Polearms
 30124 | Orc:2    | Reached skill level 10 in Staves
 30124 | Orc:2    | Reached skill level 10 in Ranged Weapons
 30124 | Orc:2    | Reached skill level 10 in Throwing
 30124 | Orc:2    | Reached skill level 10 in Armour
 30124 | Orc:2    | Reached skill level 10 in Shields
 30124 | Orc:2    | Reached skill level 10 in Unarmed Combat
 30124 | Orc:2    | Reached skill level 10 in Evocations
 30290 | Orc:2    | Found Woat's Antique Armour Shop.
 30291 | Orc:2    | Found Ochuli Zael's Antique Weapon Shop.
 30293 | Orc:2    | Found Wyokul's General Store.
 30293 | Orc:2    | Found Fewy's Book Boutique.
 30300 | Orc:2    | Bought a warped triple sword for 480 gold pieces
 30300 | Orc:2    | Identified the +9 triple sword "Logiocett" {antimagic,
                  | Str-2 Int+3 Dex+2} (You bought it in a shop on level 2 of
                  | the Orcish Mines)
 30310 | Orc:2    | Bought a +3 ring mail of poison resistance for 276 gold
                  | pieces
 30310 | Orc:2    | Bought a scroll of teleportation for 36 gold pieces
 30310 | Orc:2    | Bought a scroll of teleportation for 36 gold pieces
 30709 | D:12     | Reached XP level 15. HP: 108/115 MP: 31/31
 31066 | D:12     | Noticed Psyche
 31188 | D:12     | Killed Psyche
 31723 | D:13     | Found Waemosk's Antique Armour Boutique.
 32957 | D:13     | Found a gate to the Vaults.
 33444 | D:14     | Learned a level 4 spell: Olgreb's Toxic Radiance
 33966 | D:14     | Learned a level 4 spell: Vhi's Electric Charge
 34206 | D:14     | Found a white marble altar of Elyvilon.
 34416 | D:15     | Entered Level 15 of the Dungeon
 35694 | D:15     | Found a staircase to the Depths.
 36267 | D:15     | Reached skill level 10 in Shapeshifting
 36968 | Lair:2   | Killed Gastronok
 36969 | Lair:2   | Reached XP level 16. HP: 124/124 MP: 7/32
 37181 | Snake:1  | Entered Level 1 of the Snake Pit
 37219 | Snake:1  | Reached skill level 13 in Spellcasting
 37441 | Snake:1  | Learned a level 6 spell: Plasma Beam
 39075 | Snake:1  | Found Uzxarini's Antique Weapon Emporium.
 39076 | Snake:1  | Found Ylubo's Assorted Antiques.
 39078 | Snake:1  | Found Reuxzeng's Weapon Emporium.
 39107 | Snake:1  | Bought a potion of curing for 90 gold pieces
 40304 | Snake:2  | Identified the serpent talisman of the Prince of Darkness
                  | {Int+2}
 40304 | Snake:2  | Noticed Aizul
 41716 | Snake:2  | Paralysed by a naga for 3 turns
 42060 | Snake:2  | Reached skill level 10 in Conjurations
 42060 | Snake:2  | Reached skill level 10 in Summonings
 42060 | Snake:2  | Reached skill level 10 in Translocations
 42065 | Snake:2  | Killed from afar by a salamander mystic

Illustrated notes

Levels and vault maps discovered:
D:1:      dpeg_arrival_long_road, layout_basic
D:2:      layout_basic, uniq_jessica, uniq_crazy_yiuf_cottage
D:3:      layout_loops_ring, grunt_decor_resistance, reono_crystal_passage,
          uniq_ijyb, uniq_natasha
D:4:      layout_basic, mainiacjoe_overflow_alcove_2
D:5:      layout_gridville, tso_metal_star, uniq_menkaure
D:6:      kennysheep_big_flooded_room, layout_rooms, serial_shops, shop, shop,
          nicolae_shop_behind_doors, nicolae_stop_n_shop_1, minmay_holes,
          fountainhead, minivault_11, grunt_ministairs_6
D:7:      layout_basic, minmay_temple_entry_drinking_statues,
          ebering_ghost_inner_flame, uniq_jeremiah
D:8:      layout_basic, nicolae_uskayaw_dance_hall, serial_shops,
          nicolae_shop_statue_plus, shop, nicolae_shop_bloodbath_and_beyond,
          nicolae_shop_statue_plus, shop, grunt_ministairs_9
D:9:      layout_basic, lightli_temple_of_fire, serial_aquarium,
          aquarium_bridge_long_separate [aquarium_subvault_balcony,
          aquarium_subvault_bridge, aquarium_subvault_bridge,
          aquarium_subvault_bridge, aquarium_subvault_bridge,
          aquarium_subvault_bridge], aquarium_window_fake, aquarium_window_fake,
          aquarium_view_2c, aquarium_view_2d
D:10:     layout_basic, gammafunk_temple_overflow_wave, hellmonk_lair_entry_icy,
          gammafunk_ghost_smash, minmay_door_square, minmay_shop_mass,
          uniq_nergalle
D:11:     layout_loops_cross, david_orc_5
D:12:     layout_loops_ring, minmay_fire_ice_demons, uniq_psyche
D:13:     layout_roguey, david_vaults_1, serial_shops, shop
D:14:     layout_gridville, elyvilon_altar_5
D:15:     gammafunk_depths_entry_grave, layout_loops_cross,
          chequers_serial_rivers_micro_c
Lair:1:   layout_loops_ring, serial_bayou_pond_c
Lair:2:   layout_long_grid, minmay_shoals_entry_lonely_mermaid,
          lemuel_fruit_fields, grunt_megastairs_4
Lair:3:   layout_cave_pods, minmay_snake_entry_guardpost_small,
          lemuel_fruit_tree, grunt_megastairs_5, serial_bayou_shore_b,
          uniq_urug, uniq_gastronok, uniq_amaemon
Lair:4:   gammafunk_boulding_lane, layout_regular_city, slime_entry_1,
          gammafunk_ghost_hive, lemuel_fruit_fields
Lair:5:   due_jungle_book, layout_regular_city, basic_altar
Snake:1:  layout_chambers, nicolae_snake_gridmaze_swirls,
          nicolae_wooded_promenade, nicolae_snake_the_dead_are_slithering,
          serial_bayou_shore_b
Snake:2:  nrook_guardian_serpent_snake_passage, layout_rooms, minmay_shop_grove,
          uniq_aizul
Orc:1:    hellmonk_paralyzer, layout_caves, nicolae_specific_store
Orc:2:    st_orc_congregation, layout_diamond_mine, nicolae_orc_lava_tube

Skill      XL: |  1  2  3  4  5  6  7  8  9 10 11 12 13 14 15 16 |
---------------+-------------------------------------------------+-----
Conjurations   | 2 3 4 5 6 7 8 9 10 | 10.0
Summonings     | 2 3 4 5 6 7 8 9 10 | 10.0
Translocations | 2 3 4 5 6 7 8 9 10 | 10.0
Invocations    | 1 2 3 4 5 6 7 8 10 11 12 | 12.5
Fighting       | 1 2 3 5 6 7 8 9 10 11 | 11.5
Short Blades   | 1 2 3 5 6 7 8 9 10 11 | 11.5
Long Blades    | 1 2 3 5 6 7 8 9 10 11 | 11.5
Axes           | 1 2 3 5 6 7 8 9 10 11 | 11.5
Maces & Flails | 1 2 3 5 6 7 8 9 10 11 | 11.5
Polearms       | 1 2 3 5 6 7 8 9 10 11 | 11.5
Staves         | 1 2 3 5 6 7 8 9 10 11 | 11.5
Ranged Weapons | 1 2 3 5 6 7 8 9 10 11 | 11.5
Throwing       | 1 2 3 5 6 7 8 9 10 11 | 11.5
Armour         | 1 2 3 5 6 7 8 9 10 11 | 11.5
Shields        | 1 2 3 5 6 7 8 9 10 11 | 11.5
Unarmed Combat | 1 2 3 5 6 7 8 9 10 11 | 11.5
Evocations     | 1 2 3 5 6 7 8 9 10 11 | 11.5
Shapeshifting  | 1 2 3 4 5 6 7 8 9 10 | 10.6
Hexes          | 1 2 3 4 5 6 7 8 9 |  9.7
Necromancy     | 1 2 3 4 5 6 7 8 9 |  9.7
Fire Magic     | 1 2 3 4 5 6 7 8 9 |  9.7
Ice Magic      | 1 2 3 4 5 6 7 8 9 |  9.7
Air Magic      | 1 2 3 4 5 6 7 8 9 |  9.7
Earth Magic    | 1 2 3 4 5 6 7 8 9 |  9.7
Alchemy        | 1 2 3 4 5 6 7 8 9 |  9.7
Dodging        | 5 6 7 8 9 10 11 12 | 12.3
Stealth        | 5 6 7 8 9 10 11 12 | 12.2
Spellcasting   | 8 9 10 11 12 13 | 13.4

Action                     |  1- 3 |  4- 6 |  7- 9 | 10-12 | 13-15 | 16-18 || total
---------------------------+-------+-------+-------+-------+-------+-------++-------
  Melee: Dagger            |    20 |    88 |   141 |    73 |     4 |       ||   326
         Bite              |     1 |    11 |    34 |   121 |   164 |    42 ||   373
         Punch             |       |     2 |     7 |    13 |     9 |       ||    31
         Glaive            |       |       |    53 |   317 |   335 |       ||   705
         Spear             |       |       |       |   200 |   187 |       ||   387
         Long sword        |       |       |       |       |   630 |   253 ||   883
         Staff             |       |       |       |       |       |    14 ||    14
   Cast: Magic Dart        |    97 |    79 |    77 |    20 |     4 |     1 ||   278
         Mephitic Cloud    |     1 |     7 |    33 |    73 |   129 |       ||   243
         Summon Ice Beast  |       |       |    29 |    64 |   126 |    27 ||   246
         Blink             |       |       |     3 |    20 |    38 |     7 ||    68
         Manifold Assault  |       |       |       |    15 |   107 |     5 ||   127
         Fireball          |       |       |       |     7 |    28 |    19 ||    54
         Airstrike         |       |       |       |       |    16 |    12 ||    28
         Vhi's Electric Ch |       |       |       |       |    14 |       ||    14
         Olgreb's Toxic Ra |       |       |       |       |     1 |     3 ||     4
 Invoke: Cleansing Flame   |       |       |       |       |     2 |       ||     2
  Evoke: Wand              |       |       |     4 |     8 |    18 |       ||    30
         Lightning rod     |       |       |       |       |     6 |       ||     6
    Use: Scroll            |     1 |       |     3 |     5 |    13 |     8 ||    30
         Potion            |       |       |       |     3 |       |     1 ||     4
   Stab: Sleeping          |     1 |     4 |     1 |       |       |       ||     6
         Confused          |       |     4 |     3 |       |       |       ||     7
 Armour: Robe              |    19 |    30 |     5 |       |       |       ||    54
         Leather armour    |       |       |    89 |   323 |   362 |       ||   774
         Ring mail         |       |       |       |       |   219 |   215 ||   434
  Dodge: Dodged            |    19 |    31 |   105 |   432 |   653 |   153 ||  1393
  Block: Buckler           |       |       |       |       |    53 |       ||    53
         Kite shield       |       |       |       |       |   221 |   182 ||   403
